Map: Abiogénesis EJ

Players

Drizzt - Winner!

  • Race: Terran Terran
  • Spawn Location: 5:00

IA (Muy fácil) 1

  • Race: Zerg Zerg
  • Spawn Location: 11:00

VOD

Have the link to the VOD?

Description

Se espía con el VCE al minuto 1, se ataca con Erebiones a los 5:00, con átropos en 5:30, y el golpe fuerte con mech a los 9 minutos.

Time

  • Played on: April 2, 2018, 2:15 p.m.
  • Length: 7:03
Show
View Real Time Build Order
Export as new Build Order

Drizzt Terran - Winner!

Build Orders: Pool Only, Mech 

Get SALT Encoding   

  12  0:01  SCV  
  13  0:13  SCV  
  14  0:18  Supply Depot  
  14  0:25  SCV  
  15  0:40  SCV  
  15  0:41  Barracks  
  16  0:48  Refinery  
  16  0:54  SCV  
  17  1:06  SCV  
  18  1:18  SCV  
  19  1:31  Barracks Reactor  
  19  1:34  Orbital Command  
  19  1:48  Command Center  
  19  1:55  Supply Depot  
  19  2:00  SCV  
  20  2:10  Marine x2  
  20  2:12  SCV  
  23  2:23  Factory  
  23  2:30  Refinery  
  23  2:31  SCV  
  24  2:40  Marine  
  24  2:43  SCV, Marine  
  27  2:55  SCV  
  28  3:03  Orbital Command  
  28  3:07  SCV  
  29  3:19  Barracks Tech Lab  
  29  3:20  Starport  
  29  3:26  Hellion x2  
  33  3:31  SCV x2  
  35  3:43  SCV  
  40  3:48  Hellion x2  
  40  3:49  SCV  
  41  4:00  Supply Depot  
  41  4:02  SCV  
  42  4:09  SCV  
  44  4:10  Cloaking Field  
  44  4:21  SCV, Banshee  
  44  4:22  Supply Depot  
  47  4:26  SCV  
  48  4:33  SCV  
  49  4:38  SCV  
  49  4:45  Supply Depot, SCV  
  51  4:49  Factory  
  51  4:50  Refinery, Factory  
  51  4:52  Refinery  
  51  5:02  SCV  
  51  5:04  Banshee  
  55  5:07  Supply Depot  
  55  5:12  Command Center  
  55  5:14  SCV  
  55  5:16  Hellion  
  58  5:29  Supply Depot  
  58  5:33  Factory Tech Lab  
  58  5:34  Factory Tech Lab  
  58  5:50  Armory  
  58  5:53  Supply Depot  
  58  6:13  Raven  
  58  6:15  Supply Depot  
  58  6:17  Hellion x2  
  64  6:19  Siege Tank  
  67  6:39  Supply Depot  
Show
View Real Time Build Order
Export as new Build Order

IA (Muy fácil) 1 Zerg 

Build Orders:  

Get SALT Encoding   

  12  0:00  Drone  
  13  0:12  Overlord  
  13  0:16  Drone  
  14  0:36  Spawning Pool  
  14  0:37  Extractor  
  14  0:40  Drone  
  13  0:47  Drone  
  14  0:53  Overlord  
  14  1:23  Zergling x2  
  14  1:24  Queen  
  17  1:34  Roach Warren  
  17  1:37  Drone  
  17  1:40  Extractor  
  17  1:45  Drone  
  17  1:52  Zergling x2  
  18  2:04  Drone  
  19  2:12  Drone  
  20  2:20  Drone, Zergling x2  
  22  2:31  Overlord  
  22  2:34  Drone  
  23  2:41  Drone  
  24  2:48  Drone  
  25  2:53  Roach  
  27  6:03  Drone  
  27  6:10  Drone  
  24  6:17  Drone, Zergling x2  
  23  6:24  Drone  
  20  6:32  Drone  
  19  6:39  Drone  
  14  6:46  Drone  
Tags
 
Composition
Mech
Matchup
TvZ
Opening
Pool Only
Spawn Locations
Cross Positions
Add a new tag
Caveats
  • Supply blocks, unpowered buildings, or Contaminate may cause inaccurate times.
  • Supply counts are checked every 10 seconds.